 Dungeon Crawl Stone Soup version 0.25.0-9-g26727b657a (webtiles) character file.

Game seed: 5426878919126484969

33 mopl the Chucker (level 3, 0/33 HPs)
             Began as a Troll Arcane Marksman on June 17, 2020.
             Succumbed to a worker ant's poison
             ... on level 2 of the Dungeon.
             The game lasted 00:01:22 (828 turns).

mopl the Chucker (Troll Arcane Marksman)             Turns: 828, Time: 00:01:22

Health: 0/33       AC:  6    Str: 18    XL:     3   Next: 12%
Magic:  3/3        EV: 10    Int:  9    God:
Gold:   58         SH:  0    Dex: 11    Spells: 3/4 levels left

rFire    . . .     SeeInvis .     - Unarmed
rCold    . . .     Gourm    +   (no shield)
rNeg     . . .     Faith    .   a - +0 robe
rPois    .         Spirit   .   (helmet restricted)
rElec    .         Reflect  .   (no cloak)
rCorr    .         Harm     .   (gloves unavailable)
MR       .....                  (boots unavailable)
Stlth    +.........             (no amulet)
HPRegen  0.51/turn              (no ring)
MPRegen  0.08/turn              (no ring)

@: lethally poisoned (0 -> -11), invisible
A: large, unfitting armour, claws 3, fast metabolism 3, gourmand, regeneration
1, shaggy fur 1, tough skin 3
a: no special abilities


You were on level 2 of the Dungeon.
You were completely stuffed.

You visited 1 branch of the dungeon, and saw 2 of its levels.

You collected 58 gold pieces.

Inventory:

Missiles
 c - 4 large rocks
 d - 2 throwing nets
 h - 11 poisoned darts (quivered)
 k - 19 stones
Armour
 a - a +0 robe (worn)
Scrolls
 e - a scroll of identify {unknown}
 g - a scroll of teleportation {unknown}
 j - a scroll of remove curse {unknown}
Potions
 b - a potion of invisibility
 l - a potion of heal wounds {unknown}
Comestibles
 f - 4 rations
 i - 5 chunks of flesh


   Skills:
 + Level 1.4 Fighting
 + Level 2.3 Throwing
 - Level 1.5 Dodging
 + Level 1.4 Unarmed Combat
 - Level 1.0 Spellcasting
 - Level 2.0 Hexes


You had 3 spell levels left.
You knew the following spells:

 Your Spells              Type           Power        Failure   Level  Hunger
a - Corona                Hex            #......      16%         1    ##.....

Your spell library contained the following spells:

 Spells                   Type           Power        Failure   Level  Hunger
 Slow                     Hex            #.......     24%         2    ###....
 Inner Flame              Hex/Fire       #.......     58%         3    ####...
 Portal Projectile        Hex/Tloc       #.....       58%         3    ####...
 Cause Fear               Hex            #.........   85%         4    #####..
 Leda's Liquefaction      Hex/Erth       #.........   94%         4    #####..


Dungeon Overview and Level Annotations

Branches:
Dungeon (2/15)

Altars:


Innate Abilities, Weirdness & Mutations

You are too large for most types of armour.
You have claws for hands.
Your metabolism is lightning-fast.
You like to eat raw meat.
Your natural rate of healing is unusually fast.
You are covered in fur. (AC +1)
You have extremely tough skin. (AC +3)


Message History

You throw a poisoned dart.
The poisoned dart barely misses the worker ant.
The poisoned dart closely misses the kobold.
* * * LOW HITPOINT WARNING * * *
You feel sick. The worker ant bites you.
* * * LOW HITPOINT WARNING * * *
You are more poisoned.
The worker ant poisons you!
Throwing (i - inventory. (/) - cycle)
h - 12 poisoned darts (quivered)
Press: ? - help, Shift-Dir - straight line, f/p - worker ant
Aim: a worker ant (moderately wounded)
You throw a poisoned dart.
The poisoned dart barely misses the worker ant.
The poisoned dart hits the kobold.
* * * LOW HITPOINT WARNING * * *
You feel sick.
The worker ant bites you but does no damage.
It was a potion of invisibility.
You fade into invisibility!
You die...

%.......#.....#
........#.....#
........#.....#
........#.....#
..$.....#.....#
.......$#.....#
........#.....#
.......w#.....#
..(....Ka@....#
#.####..###.### #
#.## #...# ###.#
#...# ..
.##...####..## .
#...........### #
#.#.#.#.####....#
#.#.#.#.#.......#.##
#.....#[#.......#..#


You could see a worker ant, a dart slug and a kobold.

Vanquished Creatures
  A leopard gecko (D:1)
  6 bats (D:1)
  A giant cockroach (D:1)
  6 goblins
  3 hobgoblins (D:1)
  A quokka (D:2)
  4 frilled lizards
  5 kobolds
  5 rats
32 creatures vanquished.

Notes
Turn   | Place    | Note
-------+----------+-------------------------------------------
     0 | D:1      | mopl the Troll Arcane Marksman began the quest for the Orb.
     0 | D:1      | Reached XP level 1. HP: 18/18 MP: 1/1
   102 | D:1      | Reached skill level 1 in Fighting
   169 | D:1      | Reached XP level 2. HP: 27/27 MP: 2/2
   213 | D:1      | Reached skill level 1 in Unarmed Combat
   459 | D:1      | Reached XP level 3. HP: 32/33 MP: 3/3
   828 | D:2      | Succumbed to a worker ant's poison

Illustrated notes

Levels and vault maps discovered:
D:1:      roderic_dead_forest, layout_loops_ring, minmay_box_of_dots
D:2:      layout_rooms, first_ration, chequers_serial_rivers_small_3,
          minmay_pentomino_o2

Skill      XL: |  1  2 |
---------------+-------+-----
Fighting       | 1 |  1.4
Throwing       | 2 |  2.3
Unarmed Combat | 1 |  1.4
Dodging        | |  1.5
Spellcasting   | |  1.0
Hexes          | |  2.0

Action                   || total
-------------------------++-------
Melee: Unarmed           ||   140
Throw: Dart              ||     2
  Use: Potion            ||     1
  Eat: Chunk             ||    13
Armor: Robe              ||    69
Dodge: Dodged            ||    82
